 Dungeon Crawl Stone Soup version 0.24.1-14-gf8d2b509d9 (webtiles) character file.

Game seed: 7536950802846113522, levelgen mode: deterministic

109 Gruesph the Skirmisher (level 4, -1/39 HPs)
             Began as a Demonspawn Wanderer on May 18, 2020.
             Was an Initiate of Yredelemnul.
             Slain by an orc
             ... wielding a +0 war axe
              (3 damage)
             ... on level 2 of the Dungeon.
             The game lasted 00:13:03 (4910 turns).

Gruesph the Skirmisher (Demonspawn Wanderer)        Turns: 4910, Time: 00:13:03

Health: -1/39      AC:  7    Str: 15    XL:     4   Next: 59%
Magic:  5/5        EV: 10    Int: 14    God:    Yredelemnul [......]
Gold:   135        SH:  0    Dex: 10    Spells: 3/3 levels left

rFire    . . .     SeeInvis .   b - +1 dagger (venom)
rCold    . . .     Gourm    .   (no shield)
rNeg     . . .     Faith    .   c - +0 ring mail
rPois    .         Spirit   .   (helmet restricted)
rElec    .         Reflect  .   (no cloak)
rCorr    .         Harm     .   (no gloves)
MR       .....                  (no boots)
Stlth    +.........             (no amulet)
HPRegen  0.13/turn              (no ring)
MPRegen  0.09/turn              (no ring)

@: no status effects
A: antennae 2, slimy green scales 1
a: Renounce Religion


You were on level 2 of the Dungeon.
You worshipped Yredelemnul.
Yredelemnul was noncommittal.
You were not hungry.

You visited 1 branch of the dungeon, and saw 3 of its levels.

You collected 135 gold pieces.

Inventory:

Hand Weapons
 a - a +0 hand axe
 b - a +1 dagger of venom (weapon)
 k - a +0 hunting sling
Missiles
 g - 72 stones (quivered)
 h - 31 arrows
 q - 14 sling bullets
Armour
 c - a +0 ring mail (worn)
Jewellery
 e - an uncursed ring of poison resistance {unknown}
Scrolls
 i - a scroll of remove curse {unknown}
 m - a scroll of fear {unknown}
 o - 2 scrolls of teleportation {unknown}
 p - 2 scrolls of identify {unknown}
Comestibles
 f - 2 rations


   Skills:
 + Level 5.2 Fighting
   Level 1.0 Bows
 - Level 2.6 Armour
 - Level 2.0 Stealth
   Level 1.0 Shields
 + Level 2.1 Invocations
   Level 1.0 Evocations


You had 3 spell levels left.
You didn't know any spells.
Your spell library was empty.

Dungeon Overview and Level Annotations

Branches:
Dungeon (3/15)

Altars:
Ashenzari
Okawaru
Yredelemnul


Innate Abilities, Weirdness & Mutations

You have a pair of antennae on your head.
You are partially covered in slimy green scales. (AC +2)


Message History

The orc is moderately wounded.
The orc wizard hits you but does no damage.
The orc hits you with a +0 war axe.
* * * LOW HITPOINT WARNING * * *
The orc hits you with a +0 flail.
* * * LOW HITPOINT WARNING * * *
You hit the orc.
The orc is poisoned.
The orc is severely wounded.
The orc wizard hits you but does no damage.
The orc hits you with a +0 war axe!
* * * LOW HITPOINT WARNING * * *
You closely miss the orc.
The orc is severely wounded.
The orc misses you.
The orc wizard hits you but does no damage.
You hit the orc.
The orc is severely wounded.
The orc hits you with a +0 war axe.
You die...
Your body rises from the dead as a mindless zombie.

.........#.#.###.#
.........#....##.#
...[..######..##.#
......#........#.#
......#.##...#.#)#
......#'##...#...#
.................########
#####...........o.......#
# #...........@)......# #
#).........oo.......# #
#...................# #
##########..........# #
#..........# #
#..........# #.....)....#
#..........# #..........#


You could see an orc wizard and 2 orcs.

Vanquished Creatures
  2 adders
  2 oozes (D:3)
  2 worms
  A dart slug (D:2)
  2 leopard geckos (D:1)
  4 orcs
  5 bats
  5 giant cockroaches
  10 goblins
  8 hobgoblins
  3 jackals (D:1)
  3 kobolds
  3 quokkas
  7 frilled lizards
  6 rats
63 creatures vanquished.

Notes
Turn   | Place    | Note
-------+----------+-------------------------------------------
     0 | D:1      | Gruesph the Demonspawn Wanderer began the quest for the
                  | Orb.
     0 | D:1      | Gruesph set off with the following items: a +0 hand axe, a
                  | box of beasts, a +0 ring mail, a ration
     0 | D:1      | Reached XP level 1. HP: 19/19 MP: 1/1
   441 | D:1      | Reached skill level 1 in Stealth
   520 | D:1      | Gained mutation: You have a pair of small antennae on your
                  | head. [demonic ancestry]
   520 | D:1      | Reached XP level 2. HP: 13/25 MP: 2/2
  1804 | D:2      | Gained mutation: You are partially covered in slimy green
                  | scales. (AC +2) [demonic ancestry]
  1804 | D:2      | Reached XP level 3. HP: 31/31 MP: 3/3
  1836 | D:2      | Found a basalt altar of Yredelemnul.
  2074 | D:2      | Found an iron altar of Okawaru.
  3378 | D:2      | Became a worshipper of Yredelemnul the Dark
  3696 | D:2      | Reached skill level 5 in Fighting
  3846 | D:3      | Gained mutation: You have a pair of antennae on your head.
                  | [demonic ancestry]
  3846 | D:3      | Reached XP level 4. HP: 39/39 MP: 4/4
  3891 | D:3      | Reached skill level 1 in Invocations
  3916 | D:3      | Found a shattered altar of Ashenzari.
  4908 | D:2      | HP: 1/39 [orc/+0 war axe (8)]
  4910 | D:2      | Slain by an orc

Levels and vault maps discovered:
D:1:      lemuel_arrival_funnel, layout_basic, serial_bayou_pond_d,
          minmay_stone_trees_medium, st_stairs_9, serial_bayou_pond_b
D:2:      layout_basic, nicolae_overflow_crystal_walls,
          kennysheep_okawaru_gauntlet
D:3:      layout_rooms, first_ration, cheibrodos_ashenzari_chains

Skill      XL: |  1  2  3  4 |
---------------+-------------+-----
Stealth        | 1 2 |  2.0
Fighting       | 5 |  5.2
Invocations    | 2 |  2.1
Bows           | |  1.0
Armour         | |  2.6
Shields        | |  1.0
Evocations     | |  1.0

Action                   |  1- 3 |  4- 6 || total
-------------------------+-------+-------++-------
Melee: Hand axe          |   152 |    39 ||   191
       Dagger            |    14 |    62 ||    76
Throw: Dart              |    19 |       ||    19
       Stone             |    17 |       ||    17
Evoke: Box of beasts     |     1 |       ||     1
  Use: Potion            |       |     4 ||     4
  Eat: Chunk             |     6 |     3 ||     9
       Ration            |     1 |       ||     1
Armor: Ring mail         |    87 |    73 ||   160
Dodge: Dodged            |   104 |    80 ||   184
